 Dungeon Crawl Stone Soup version 0.23.2 (webtiles) character file.

Game seed: 18257229680993124490

121 myga the Bolt Thrower (level 5, -5/30 HPs)
             Began as a Kobold Arcane Marksman on Apr 7, 2019.
             Was a Follower of Vehumet.
             Killed from afar by Sigmund (10 damage)
             ... with a magic dart
             ... on level 3 of the Dungeon on Apr 9, 2019.
             The game lasted 00:17:55 (2770 turns).

myga the Bolt Thrower (Kobold Arcane Marksman)      Turns: 2770, Time: 00:17:56

Health: -5/30      AC:  2    Str:  8    XL:     5   Next: 26%
Magic:  7/7        EV: 21    Int: 15    God:    Vehumet [*.....]
Gold:   137        SH:  0    Dex: 20    Spells: 3/7 levels left

rFire    + . .     SeeInvis .   w - +0 dagger (venom)
rCold    . . .     Gourm    .   (shield restricted)
rNeg     . . .     Faith    .   n - +0 robe (curse)
rPois    .         Spirit   .   (no helmet)
rElec    .         Reflect  .   (no cloak)
rCorr    .         Harm     .   (no gloves)
MR       .....                  (no boots)
Stlth    ++........             (no amulet)
HPRegen  0.10/turn              o - ring of protection from fire
MPRegen  0.10/turn              (no ring)

@: confused, agile
A: small, carnivore
a: Renounce Religion


You were on level 3 of the Dungeon.
You worshipped Vehumet.
Vehumet was aware of your devotion.
You were very full.

You visited 1 branch of the dungeon, and saw 3 of its levels.

You collected 137 gold pieces.

Inventory:

Hand Weapons
 a - a +0 hand crossbow
 w - a +0 dagger of venom (weapon)
Missiles
 g - 45 stones (quivered)
 y - 21 bolts
Armour
 e - a +0 robe
 m - a +0 robe
 n - a cursed +0 robe (worn)
 B - a +0 robe
 C - a +0 robe
Jewellery
 o - a ring of protection from fire (left hand)
 q - an uncursed amulet of guardian spirit
Wands
 u - a wand of paralysis (2)
Scrolls
 c - 2 scrolls of fog {unknown}
 d - a scroll of enchant armour {unknown}
 i - a scroll of immolation
 j - a scroll of magic mapping
 l - a scroll of blinking {unknown}
 p - a scroll of random uselessness {unknown}
 t - 2 scrolls of teleportation
 v - 3 scrolls of identify {unknown}
 x - a scroll of amnesia {unknown}
 z - 2 scrolls of remove curse {unknown}
Potions
 b - a potion of curing
 h - a potion of mutation {unknown}
 k - a potion of magic {unknown}
 r - a potion of agility
 s - a potion of invisibility {unknown}
Comestibles
 f - 5 rations
 A - 3 chunks of flesh


   Skills:
 + Level 2.3 Fighting
 + Level 4.3 Crossbows
 + Level 0.4 Throwing
 + Level 2.8 Dodging
 + Level 1.1 Stealth
 + Level 1.5 Spellcasting
 + Level 0.1 Conjurations
 + Level 3.4 Hexes
 + Level 0.3 Poison Magic


You had 3 spell levels left.
You knew the following spells:

 Your Spells              Type           Power        Failure   Level  Hunger
a - Corona                Hex            ##.....      5%          1    ##.....
b - Slow                  Hex            ##......     9%          2    ###....
c - Sting                 Conj/Pois      #...         22%         1    ##.....

Your spell library contained the following spells:

 Spells                   Type           Power        Failure   Level  Hunger
 Inner Flame              Hex/Fire       #.......     34%         3    ####...
 Portal Projectile        Hex/Tloc       #.....       34%         3    ####...
 Cause Fear               Hex            ##........   50%         4    #####..
 Leda's Liquefaction      Hex/Erth       #.........   75%         4    #####..


Dungeon Overview and Level Annotations

Branches:
Dungeon (3/15)

Altars:
Vehumet

Annotations:
D:3 Sigmund


Innate Abilities, Weirdness & Mutations

You are small and have problems with some larger weapons.
You are carnivorous and can eat meat at any time.


Message History

What are your orders? t - Shout!
Anything else - Cancel.
Okay, then.
You're too confused to cast spells.
Unknown command.
You're too confused!
It was a potion of agility.
You feel agile all of a sudden.
You feel less confused. Something closely misses you.
Something barely misses you.
You see here a runed whip.
Okay, then.
A puff of flame appears from out of thin air!
The puff of flame misses you.
You are confused.
You're too confused to move!
A magic dart appears from out of thin air!
The magic dart hits you!
You die...

.# #.......#....................
.# #......##....................
.# #......##.......#######...###
.# #########.......# #รท..# .#
####.#### #...# # .# #.# #...###
.# ############.# ####......
.####..........#.#######......##.
......###......#@##............#.
#####.# #........##.####.##....##
#.# #......####.##......#..##
#..........# #.##.#.##....##
############ #.##.#.##......
#............## ####.#.......#
#.#####.### ########.#####.####


There were no monsters in sight!

Vanquished Creatures
  Terence (D:3)
  3 adders
  2 worms
  A dart slug (D:2)
  A leopard gecko (D:2)
  6 orcs (D:3)
  4 giant cockroaches
  2 goblins
  6 hobgoblins
  3 jackals (D:2)
  A ball python (D:2)
  6 bats
  5 frilled lizards
  8 kobolds
  8 rats
57 creatures vanquished.

Notes
Turn   | Place    | Note
-------+----------+-------------------------------------------
     0 | D:1      | myga the Kobold Arcane Marksman began the quest for the
                  | Orb.
     0 | D:1      | Reached XP level 1. HP: 12/12 MP: 2/2
   241 | D:1      | Reached XP level 2. HP: 16/16 MP: 3/3
   340 | D:1      | Reached skill level 3 in Crossbows
   901 | D:1      | Learned a level 2 spell: Slow
   997 | D:2      | Reached XP level 3. HP: 20/20 MP: 4/4
  1403 | D:2      | Found a faded altar of an unknown god.
  1410 | D:2      | Became a worshipper of Vehumet
  1410 | D:2      | Reached * piety under Vehumet
  1410 | D:2      | Offered knowledge of Sting by Vehumet.
  1413 | D:2      | Learned a level 1 spell: Sting
  1468 | D:2      | Reached XP level 4. HP: 25/25 MP: 3/5
  1645 | D:2      | Reached skill level 4 in Crossbows
  1885 | D:3      | Noticed Terence
  2036 | D:3      | Killed Terence
  2339 | D:3      | Reached skill level 1 in Stealth
  2432 | D:3      | Reached XP level 5. HP: 30/30 MP: 6/6
  2680 | D:3      | Noticed Sigmund
  2770 | D:3      | Killed from afar by Sigmund

Skill      XL: |  1  2  3  4 |
---------------+-------------+-----
Crossbows      | 3 4 |  4.3
Fighting       | 2 |  2.3
Stealth        | 1 |  1.1
Throwing       | |  0.4
Dodging        | |  2.8
Spellcasting   | |  1.5
Conjurations   | |  0.1
Hexes          | |  3.4
Poison Magic   | |  0.3

Action                   |  1- 3 |  4- 6 || total
-------------------------+-------+-------++-------
Melee: Dagger            |    27 |    17 ||    44
 Fire: Hand crossbow     |    82 |    34 ||   116
Throw: Stone             |       |    24 ||    24
 Cast: Sting             |     1 |    10 ||    11
       Slow              |     1 |     3 ||     4
  Use: Potion            |     1 |     1 ||     2
       Scroll            |       |     3 ||     3
 Stab: Sleeping          |       |     2 ||     2
  Eat: Chunk             |    10 |     4 ||    14
Armor: Robe              |    11 |     3 ||    14
Dodge: Dodged            |    72 |    49 ||   121
